 Dungeon Crawl Stone Soup version 0.23.0 (webtiles) character file.

Game seed: 9641481566666257560

13799 Blackhawk the Cleaver (level 12, -6/112 HPs)
             Began as a Hill Orc Fighter on Feb 10, 2019.
             Was an Elder of Makhleb.
             Killed from afar by a molten gargoyle (8 damage)
             ... with a bolt of magma
             ... in a volcano.
             The game lasted 00:18:57 (12690 turns).

Blackhawk the Cleaver (Hill Orc Fighter)           Turns: 12690, Time: 00:18:58

Health: -6/112     AC: 18    Str: 24    XL:     12   Next: 9%
Magic:  12/12      EV:  5    Int:  8    God:    Makhleb [****..]
Gold:   888        SH: 19    Dex: 10    Spells: 11/11 levels left

rFire    . . .     SeeInvis .   b - +1 hand axe (elec)
rCold    + . .     Gourm    .   A - +1 large shield
rNeg     . . .     Faith    .   M - +0 chain mail
rPois    .         Spirit   .   K - +0 helmet (curse)
rElec    .         Reflect  .   (no cloak)
rCorr    .         Harm     .   s - +0 pair of gloves
MR       .....                  P - +2 pair of boots
Stlth    ..........             B - amulet of magic regeneration
HPRegen  0.28/turn              S - ring of stealth
MPRegen  0.38/turn              Q - ring of protection from cold

@: lethally poisoned (-6 -> -6)
A: no striking features
a: Minor Destruction, Lesser Servant of Makhleb, Major Destruction, Renounce
Religion


You were in a volcano.
You worshipped Makhleb.
Makhleb was greatly pleased with you.
You were hungry.

You visited 2 branches of the dungeon, and saw 13 of its levels.
You also visited: Sewer and Volcano.

You collected 888 gold pieces.

Inventory:

Hand Weapons
 a - a +5 mace
 b - a +1 hand axe of electrocution (weapon)
 x - a +1 war axe of electrocution
 D - a +0 war axe
 I - a +0 giant club
Armour
 c - a +0 shield
 i - a +0 scale mail
 s - a +0 pair of gloves (worn)
 A - a +1 large shield (worn)
 K - a cursed +0 helmet (worn)
 M - a +0 chain mail (worn)
 P - a +2 pair of boots (worn)
Jewellery
 B - an amulet of magic regeneration (around neck)
 H - an uncursed ring of flight
 Q - a ring of protection from cold (right hand)
 S - a ring of stealth (left hand)
Wands
 m - a wand of random effects (11)
 u - a wand of paralysis (11)
 G - a wand of flame (26)
 L - a wand of acid (9)
 O - a wand of scattershot (5)
 T - a wand of clouds (4)
 U - a wand of disintegration (16)
Scrolls
 h - 4 scrolls of remove curse
 k - 4 scrolls of amnesia
 l - 3 scrolls of magic mapping
 q - 8 scrolls of identify
 r - 10 scrolls of teleportation
 v - 2 scrolls of fog
 y - 3 scrolls of blinking
 J - a scroll of brand weapon {unknown}
 N - a scroll of immolation {unknown}
 R - a scroll of enchant weapon
Potions
 d - 3 potions of might
 e - 5 potions of heal wounds
 g - 2 potions of lignification {unknown}
 j - 2 potions of magic {unknown}
 n - 2 potions of flight
 o - a potion of agility
 p - 7 potions of curing
 t - a potion of degeneration
 w - 2 potions of ambrosia
 z - 4 potions of haste
 C - a potion of resistance
 E - 2 potions of invisibility
 F - a potion of brilliance {unknown}
Miscellaneous
 V - a box of beasts
Comestibles
 f - 21 rations


   Skills:
 + Level 11.9 Fighting
 + Level 12.5 Axes
 + Level 11.0 Armour
 + Level 11.0 Shields


You had 11 spell levels left.
You didn't know any spells.
Your spell library contained the following spells:

 Spells                   Type           Power        Failure   Level  Hunger
 Apportation              Tloc           #.....       100%        1    ##.....
 Summon Butterflies       Summ           #.......     100%        1    ##.....
 Lesser Beckoning         Tloc           #.........   100%        3    ####...
 Tukima's Dance           Hex            #.......     100%        3    ####...
 Alistair's Intoxication  Tmut/Pois      #.......     100%        5    ######.
 Invisibility             Hex            #.......     100%        6    #######


Dungeon Overview and Level Annotations

Branches:
Dungeon (12/15)            Temple (0/1) D:7            Lair (1/6) D:8
    Orc (0/2) D:9

Altars:
Dithmenos
Fedhas
Gozag
Hepliaklqana
Kikubaaqudgha
Makhleb
Okawaru
Qazlal
Trog
Uskayaw
Vehumet
Wu Jian
Xom
Yredelemnul


Message History

* * * LOW HITPOINT WARNING * * *
You feel sick.
The molten gargoyle blasts magma at you!
The bolt of magma hits you.
* * * LOW HITPOINT WARNING * * *
You feel sick.
You feel sick.
The molten gargoyle blasts magma at you!
The bolt of magma misses you.
You see here a +0 dire flail.
The molten gargoyle blasts magma at you!
The bolt of magma hits you!!
* * * LOW HITPOINT WARNING * * *
You see here a +0 morningstar.
You feel sick.
There is an open door here.
You feel sick.
The molten gargoyle blasts magma at you!
The bolt of magma hits you!
You die...

... ≈≈. ### ≈≈.#
#.# ### ≈≈≈.
###.## ##.###
≈≈≈.#
#...)###...§##
.k≈§§
##.###9#....≈§#
k≈§≈§##.##
##'..@.≈§#
#'.###☼○##....≈≈#
####≈≈§≈E##..≈≈≈#
≈≈≈§§≈#....≈≈#
.≈≈≈§≈+..∩.≈§#
#.§§§.#....≈§#
#§§≈.###...§##
##..# ##..## #
####


You could see a fire elemental and a molten gargoyle.

Vanquished Creatures
  Fannar (D:10)
  A hydra (D:11)
  3 death yaks (D:7)
  A two-headed ogre (D:12)
  Pikel (D:6)
  A manticore (D:12)
  2 molten gargoyles (Volcano)
  3 trolls
  Grinder (D:5)
  A hippogriff (Lair:1)
  A shadow (D:12)
  A spriggan (D:7)
  A wraith (D:10)
  Sigmund (D:6)
  14 yaks
  A wyvern (D:9)
  An acid dragon (D:11)
  A soldier ant (D:11)
  Duvessa (D:6)
  A porcupine (Lair:1)
  An orc warrior (D:12)
  4 slaves (D:6)
  2 ice beasts
  A necrophage (D:8)
  An eye of draining (D:9)
  2 black bears
  A hornet zombie (D:10)
  6 ogres
  2 phantoms (D:6)
  2 centaurs
  A crocodile (D:8)
  A big kobold (D:12)
  Blork the orc (D:5)
  9 bullfrogs
  Dowan (D:6)
  6 scorpions
  5 crimson imps
  A quasit (D:10)
  7 hounds
  A bullfrog zombie (D:7)
  2 orc priests
  A jelly (D:12)
  2 centaur skeletons
  3 bullfrog skeletons
  6 orc wizards
  3 iguanas
  8 worker ants
  A killer bee zombie (D:10)
  A worker ant zombie (D:10)
  13 adders
  5 shadow imps
  5 oozes
  4 adder skeletons
  An adder zombie (D:9)
  4 worms
  2 dart slugs
  6 leopard geckos
  24 orcs
  6 bats
  6 giant cockroaches
  15 goblins
  6 hobgoblins
  10 jackals
  9 quokkas
  3 ball pythons
  A ball python skeleton (D:4)
  11 frilled lizards
  20 kobolds
  A quokka zombie (D:7)
  14 rats
  A plant (Sewer)
287 creatures vanquished.

Vanquished Creatures (others)
  A plant (Sewer)
1 creature vanquished.

Grand Total: 288 creatures vanquished

Notes
Turn   | Place    | Note
-------+----------+-------------------------------------------
     0 | D:1      | Blackhawk the Hill Orc Fighter began the quest for the Orb.
     0 | D:1      | Reached XP level 1. HP: 19/19 MP: 1/1
   337 | D:1      | Reached XP level 2. HP: 27/27 MP: 2/2
   360 | D:1      | Reached skill level 3 in Axes
   749 | D:1      | Reached XP level 3. HP: 33/33 MP: 3/3
   962 | D:2      | Found a radiant altar of Vehumet.
  1057 | D:2      | Found a burning altar of Makhleb.
  1156 | D:2      | Became a worshipper of Makhleb the Destroyer
  1423 | D:2      | Reached XP level 4. HP: 32/40 MP: 4/4
  1740 | D:3      | You fall through a shaft for 2 floors!
  1740 | D:5      | Entered Level 5 of the Dungeon
  1740 | D:5      | Found a hazy altar of Hepliaklqana.
  1745 | D:5      | Reached skill level 4 in Axes
  1745 | D:5      | Reached XP level 5. HP: 47/47 MP: 5/5
  1800 | D:4      | Found a stormy altar of Qazlal.
  1846 | D:4      | Found an ornate altar of the Wu Jian Council.
  1849 | D:4      | Noticed an ogre
  1856 | D:4      | Killed an ogre
  1856 | D:4      | Reached skill level 5 in Fighting
  1856 | D:4      | Reached XP level 6. HP: 39/56 MP: 6/6
  2271 | D:4      | Found a glowing drain.
  2307 | Sewer    | Entered a sewer
  2335 | Sewer    | Reached skill level 5 in Axes
  2550 | Sewer    | Reached * piety under Makhleb
  3401 | D:4      | Reached skill level 5 in Armour
  3401 | D:4      | Reached skill level 5 in Shields
  3401 | D:4      | Reached XP level 7. HP: 61/61 MP: 7/7
  3871 | D:3      | Found a blossoming altar of Fedhas.
  3871 | D:3      | Found an ancient bone altar of Kikubaaqudgha.
  4071 | D:3      | Reached ** piety under Makhleb
  4290 | D:5      | Noticed Blork the orc
  4301 | D:5      | Killed Blork the orc
  4321 | D:5      | Noticed Grinder
  4330 | D:5      | Killed Grinder
  4330 | D:5      | Reached skill level 6 in Axes
  4530 | D:5      | Found a bloodstained altar of Trog.
  4543 | D:5      | Reached XP level 8. HP: 71/71 MP: 8/8
  4902 | D:6      | Noticed Sigmund
  4993 | D:6      | Killed Sigmund
  5208 | D:6      | Reached skill level 7 in Axes
  5244 | D:6      | Found an opulent altar of Gozag.
  5325 | D:6      | Noticed Dowan
  5325 | D:6      | Noticed Duvessa
  5335 | D:6      | Killed Duvessa
  5357 | D:6      | Killed Dowan
  5357 | D:6      | Reached XP level 9. HP: 67/80 MP: 9/9
  5661 | D:6      | Noticed Pikel
  5679 | D:6      | Killed Pikel
  5679 | D:6      | Reached skill level 8 in Axes
  5858 | D:7      | Found a shadowy altar of Dithmenos.
  5891 | D:7      | Found a staircase to the Ecumenical Temple.
  6042 | D:7      | Reached skill level 9 in Axes
  6410 | D:7      | Reached XP level 10. HP: 80/91 MP: 10/10
  6585 | D:8      | Found a shimmering altar of Xom.
  6788 | D:8      | Reached *** piety under Makhleb
  6813 | D:8      | Found a basalt altar of Yredelemnul.
  6880 | D:8      | Noticed a death yak
  6881 | D:8      | Noticed a death yak
  6882 | D:8      | Found a staircase to the Lair.
  6882 | D:8      | Noticed a death yak
  7021 | D:7      | Killed a death yak
  7610 | D:7      | Killed a death yak
  7610 | D:7      | Reached skill level 10 in Axes
  8061 | D:7      | Reached skill level 10 in Fighting
  8081 | D:7      | HP: 2/93 [death yak (26)]
  8478 | D:7      | Killed a death yak
  8792 | D:9      | Found a hide-covered altar of Uskayaw.
  8827 | D:9      | Found a staircase to the Orcish Mines.
  8999 | D:9      | Found an iron altar of Okawaru.
  9006 | D:9      | Reached XP level 11. HP: 95/101 MP: 11/11
  9194 | D:9      | Reached skill level 11 in Axes
  9595 | D:10     | Entered Level 10 of the Dungeon
  9787 | D:10     | Reached skill level 10 in Armour
  9843 | D:10     | Reached skill level 10 in Shields
  9878 | D:10     | Noticed Fannar
  9897 | D:10     | Killed Fannar
 10156 | D:10     | Reached **** piety under Makhleb
 10725 | D:11     | Found a blossoming altar of Fedhas.
 10768 | D:11     | Noticed a four-headed hydra
 10786 | D:11     | Killed a four-headed hydra
 11102 | D:11     | Reached skill level 12 in Axes
 11430 | D:12     | Noticed a two-headed ogre
 11442 | D:12     | Killed a two-headed ogre
 11602 | D:12     | Noticed a manticore
 11620 | D:12     | Killed a manticore
 11811 | D:12     | Reached XP level 12. HP: 111/111 MP: 12/12
 12137 | Lair:1   | Entered Level 1 of the Lair of Beasts
 12341 | Lair:1   | Found a dark tunnel.
 12348 | Volcano  | Entered a volcano
 12686 | Volcano  | HP: 3/112 [molten gargoyle/bolt of magma (18)]
 12690 | Volcano  | Killed from afar by a molten gargoyle

Skill      XL: |  1  2  3  4  5  6  7  8  9 10 11 12 |
---------------+-------------------------------------+-----
Axes           | 3 4 5 6 7 9 10 12 | 12.5
Fighting       | 4 5 6 7 9 10 11 | 11.9
Armour         | 4 5 6 8 9 10 11 | 11.0
Shields        | 4 5 6 8 9 10 11 | 11.0

Action                   |  1- 3 |  4- 6 |  7- 9 | 10-12 || total
-------------------------+-------+-------+-------+-------++-------
Melee: War axe           |    19 |       |       |       ||    19
       Hand axe          |   106 |   164 |   307 |   479 ||  1056
       Mace              |       |       |       |    15 ||    15
Invok: Lesser Servant of |       |       |       |     2 ||     2
  Use: Potion            |       |       |     4 |       ||     4
       Scroll            |       |       |       |    16 ||    16
  Eat: Chunk             |     2 |     7 |     9 |    20 ||    38
Armor: Scale mail        |    47 |    59 |    78 |    31 ||   215
       Chain mail        |       |       |       |   117 ||   117
Dodge: Dodged            |    38 |    43 |    37 |    45 ||   163
Block: Shield            |    59 |    79 |     3 |       ||   141
       Large shield      |       |       |   203 |   372 ||   575
